 Dungeon Crawl Stone Soup version 0.27-a0-1308-gc08437e49b (webtiles) character file.

Game seed: 2005590901655604839

0 bilbop the Sneak (level 1, 0/15 HPs)
             Began as a Naga Enchanter on June 18, 2021.
             Slain by a hobgoblin (2 damage)
             ... on level 1 of the Dungeon.
             The game lasted 00:02:22 (206 turns).

bilbop the Sneak (Naga Enchanter)                    Turns: 206, Time: 00:02:22

Health: 0/15       AC:  1    Str: 10    XL:     1   Next: 10%
Magic:  3/3        EV:  9    Int: 15    God:
Gold:   0          SH:  0    Dex: 11    Spells: 3/4 levels left

rFire    . . .     SeeInvis +   a - +1 dagger
rCold    . . .     Faith    .   (no shield)
rNeg     . . .     Spirit   .   b - +0 robe
rPois    +         Reflect  .   (no helmet)
rElec    .         Harm     .   (no cloak)
rCorr    .         Rampage  .   (no gloves)
Will     .....                  (no barding)
Stlth    ++........             (no amulet)
HPRegen  0.05/turn              (no ring)
MPRegen  0.08/turn              (no ring)

@: very slow
A: AC +0, large, see invisible, deformed body, poison resistance, slowness 2,
spit poison 1, naga tail 1
a: Spit Poison


You were on level 1 of the Dungeon.
You visited 1 branch of the dungeon, and saw 1 of its levels.

Inventory:

Hand Weapons
 a - a +1 dagger (weapon)
Armour
 b - a +0 robe (worn)
Scrolls
 c - a scroll of acquirement {unknown}


   Skills:
 + Level 0.0 Fighting
 + Level 1.0 Short Blades
 + Level 1.6 Dodging
 + Level 4.4 Stealth
 + Level 2.0 Spellcasting
 + Level 3.0 Hexes


You had 3 spell levels left.
You knew the following spells:

 Your Spells              Type           Power      Damage    Failure   Level
a - Corona                Hex            11%        N/A       6%          1

Your spell library contained the following spells:

 Spells                   Type           Power      Damage    Failure   Level
 Ensorcelled Hibernation  Hex/Ice        12%        N/A       19%         2
 Confusing Touch          Hex            10%        N/A       19%         3
 Tukima's Dance           Hex            10%        N/A       19%         3
 Dazzling Flash           Conj/Hex       12%        N/A       34%         3


Dungeon Overview and Level Annotations

Branches:
Dungeon (1/15)

Altars:

Shops:
D:1 =


Innate Abilities, Weirdness & Mutations

Your serpentine skin is tough. (AC +0)
You have supernaturally acute eyesight. (SInv)
Armour fits poorly on your strangely shaped body.
Your system is resistant to poisons. (rPois)
You cover ground very slowly.
You can spit poison.
You have a snake-like lower body.


Message History

Found Veulais's Jewellery Emporium.
A kobold comes into view. It is wielding a +0 dagger.
Found a stone staircase leading down.
A jackal comes into view.
The kobold throws a stone.
The stone hits you.
The kobold throws a stone.
The stone barely misses you.
Found a papyrus book.
The kobold hits you with a +0 dagger.
You hit the kobold.
The kobold is severely wounded.
The kobold hits you with a +0 dagger.
You hit the kobold.
You kill the kobold!
You start resting.
HP restored.
Found 15 arrows.
Things that are here:
a +0 dagger; 3 stones; a kobold corpse
There is an entrance to Veulais's Jewellery Emporium here.
You can access your shopping list by pressing '$'.
An endoplasm comes into view.
A hobgoblin comes into view.
The hobgoblin shouts!
Okay, then.
You barely miss the hobgoblin. The hobgoblin completely misses you.
The endoplasm quivers.
You hit the hobgoblin but do no damage. The hobgoblin hits you.
You completely miss the hobgoblin. The hobgoblin closely misses you.
The endoplasm hits you.
You hit the endoplasm.
The endoplasm is lightly wounded.
The hobgoblin hits you. The endoplasm freezes you.
You are frozen.
* * * LOW HITPOINT WARNING * * *
You hit the hobgoblin.
The hobgoblin is heavily wounded.
The hobgoblin barely misses you. The endoplasm barely misses you.
The hobgoblin hits you.
You die...

##.≈≈≈.P#(.#...
#..≈≈..##....#
##≈..≈≈P####..### .###
#....≈.)#.....).##...#.
#.♣.≈P..#.....#.#.......
#.......#...............
###''####...............
#..........#..........
#.........@#.....:....
########.#.g..........
#...J#.......#
#...##.......#
......##..>......
..................
..#...#.##.#....... .
#.###....######.. #.
...... .


You could see an endoplasm and a hobgoblin.

Vanquished Creatures
  A kobold (D:1)
1 creature vanquished.

Notes
Turn   | Place    | Note
-------+----------+-------------------------------------------
     0 | D:1      | bilbop the Naga Enchanter began the quest for the Orb.
     0 | D:1      | Reached XP level 1. HP: 15/15 MP: 3/3
    31 | D:1      | Found Veulais's Jewellery Emporium.
   206 | D:1      | Slain by a hobgoblin

Illustrated notes

Levels and vault maps discovered:
D:1:      lightli_arrival_windingriver, layout_rooms, serial_shops,
          nicolae_square_shop, shop, nicolae_shop_statue_plus,
          nicolae_shop_temple_entry_statues_fountains, minmay_tetromino_t4

Action                   || total
-------------------------++-------
Melee: Dagger            ||     7
Dodge: Dodged            ||     5

Table legend: (Time is in decaauts)
 A = Elapsed time spent in this place.
 B = Non-inter-level travel time spent in this place.
 C = Inter-level travel time spent in this place.
 D = Time resting spent in this place.
 E = Time spent auto-exploring this place.
 F = Levels seen in this place.
 G = Mean time per level.
                   A        B        C        D        E       F      G
               +--------+--------+--------+--------+--------+-----+--------+
         Total |    230 |    222 |      8 |    139 |     40 |   1 |  230.0 |
       Dungeon |    230 |    222 |      8 |    139 |     40 |   1 |  230.0 |
               +--------+--------+--------+--------+--------+-----+--------+

Top non-repeatable levels by time:
     D:1: 230 daAuts
